 Dungeon Crawl Stone Soup version 0.28-a0-1447-ga5a8893891 (webtiles) character file.

Game seed: 2441755713728420479

1335 shadowrider38 the Insei (level 8, -6/54 HPs)
             Began as an Octopode Transmuter on Jan 10, 2022.
             Was an Initiate of Gozag.
             Succumbed to a killer bee's poison
             ... on level 7 of the Dungeon.
             The game lasted 00:36:05 (13788 turns).

shadowrider38 the Insei (Octopode Transmuter)      Turns: 13788, Time: 00:36:06

Health: -6/54      AC:  2    Str: 16    XL:     8   Next: 61%
Magic:  8/20       EV: 19    Int: 17    God:    Gozag
Gold:   405        SH:  0    Dex: 17    Spells: 1/11 levels left

rFire   . . .      SeeInvis +     - Unarmed
rCold   + . .      Faith    .   (shield currently unavailable)
rNeg    . . .      Spirit   +   (helmet currently unavailable)
rPois   x          Reflect  .   x - amulet of guardian spirit
rElec   .          Harm     .   b - ring of protection from cold
rCorr   .          Rampage  .   e - ring of magical power
Will    .....                   o - ring of see invisible
Stlth   ++........              t - +6 ring of strength
HPRegen 0.18/turn               (no ring)
MPRegen 0.17/turn               (no ring)
                                (no ring)
                                (no ring)

@: lethally poisoned (-6 -> -41), spider-form (expiring), gold aura
A: venomous fangs, almost no armour, (amphibious), 8 rings, tiny, (camouflage
1), (gelatinous body 1), (nimble swimmer 1), (tentacles)
a: End Transformation, Renounce Religion, Potion Petition, Call Merchant, Bribe
Branch


You were on level 7 of the Dungeon.
You worshipped Gozag.
Gozag was aware of your devotion.
You were a venomous arachnid creature.
You visited 2 branches of the dungeon, and saw 9 of its levels.

You collected 482 gold pieces.
You paid 77 gold pieces to Gozag.

Inventory:

Hand Weapons
 j - a +1 mace of draining
 l - a +2 dagger of draining
Missiles
 a - 294 stones
 g - 11 poisoned darts
 m - 2 boomerangs
 y - 14 boomerangs of dispersal
Armour
 c - a +0 buckler (melded)
Jewellery
 b - a ring of protection from cold (left front leg)
 e - a ring of magical power (right front leg)
 o - a ring of see invisible (on tentacle)
 p - a ring of ice
 t - a +6 ring of strength (on tentacle)
 x - an amulet of guardian spirit (around neck)
 F - an amulet of reflection
Wands
 d - a wand of polymorph (20)
 q - a wand of flame (30)
 C - a wand of charming (4)
 D - a wand of mindburst (12)
Scrolls
 h - a scroll of fog {unknown}
 k - a scroll of teleportation
 n - a scroll of enchant weapon {unknown}
 u - a scroll of amnesia {unknown}
 w - a scroll of immolation {unknown}
 A - a scroll of magic mapping
 E - a scroll of identify
Potions
 f - 2 potions of haste
 i - 2 potions of lignification
 r - 2 potions of curing {unknown}
 v - a potion of brilliance {unknown}
 z - a potion of might {unknown}
 B - 2 potions of berserk rage {unknown}
 G - a potion of attraction {unknown}


   Skills:
 - Level 4.0 Fighting
 - Level 2.0 Dodging
 - Level 7.0 Unarmed Combat
 - Level 2.0 Spellcasting
 + Level 6.5 Transmutations
 - Level 2.0 Ice Magic
 - Level 2.0 Evocations


You had one spell level left.
You knew the following spells:

 Your Spells              Type           Power      Damage    Failure   Level
a - Beastly Appendage     Tmut           46%        N/A       6%          1
b - Wereblood             Tmut           23%        N/A       8%          2
c - Spider Form           Tmut/Pois      12%        N/A       34%         3
d - Ice Form              Ice/Tmut       16%        N/A       54%         4

Your spell library contained the following spells:

 Spells                   Type           Power      Damage    Failure   Level
 Animate Skeleton         Necr           2%         N/A       38%         1
 Magic Dart               Conj           4%         1d3       38%         1
 Pain                     Necr           4%         1d4       38%         1
 Sandblast                Erth           2%         2d4       38%         1
 Passwall                 Tmut/Erth      10%        N/A       21%         2
 Ignite Poison            Fire/Tmut/Pois 9%         N/A       45%         3
 Call Imp                 Summ           1%         N/A       50%         2
 Static Discharge         Conj/Air       1%         N/A       50%         2
 Call Canine Familiar     Summ           1%         N/A       71%         3
 Conjure Flame            Conj/Fire      1%         6-21      71%         3
 Gell's Gravitas          Tloc           1%         N/A       71%         3
 Lesser Beckoning         Tloc           1%         N/A       71%         3
 Mephitic Cloud           Conj/Pois/Air  1%         N/A       71%         3
 Stone Arrow              Conj/Erth      2%         3d7       71%         3
 Summon Guardian Golem    Hex/Summ       1%         N/A       71%         3
 Teleport Other           Tloc           1%         N/A       71%         3
 Vampiric Draining        Necr           1%         2d6       71%         3
 Passage of Golubria      Tloc           1%         N/A       96%         4
 Sticky Flame             Conj/Fire      1%         2d3       96%         4
 Lightning Bolt           Conj/Air       0%         1d11      100%        5
 Orb of Destruction       Conj           0%         N/A       100%        7
 Spellforged Servitor     Conj/Summ      0%         N/A       100%        7
 Maxwell's Capacitive Co  Air            0%         ∞         100%        8


Dungeon Overview and Level Annotations

Branches:
Dungeon (8/15)             Temple (1/1) D:5
   Lair: D:8-11

Altars:
Ashenzari
Cheibriados
Dithmenos
Elyvilon
Fedhas
Gozag
Hepliaklqana
Kikubaaqudgha
Makhleb
Okawaru
Qazlal
Ru
Sif Muna
Trog
Uskayaw
Vehumet
Wu Jian
Xom
Zin
The Shining One

Annotations:
D:4 exclusions: player ghost and upstairs, riojii's ghost, amateur DrTm
D:7 exclusion: downstairs
D:8 exclusions: 6 gnolls, gnoll sergeant, 2 kobolds, kobold brigand and upstairs


Innate Abilities, Weirdness & Mutations

You are a venomous arachnid creature.
You have poisonous fangs.
You are tiny and dextrous.
Your spellcasting is less reliable in this form.
Your armour is entirely melded.
You are incapable of wielding weapons or throwing items.
You cannot wear most types of armour.
((You are amphibious.))
You can wear up to eight rings at the same time.
((Your skin changes colour to match your surroundings (Stealth+).))
((Your rubbery body absorbs attacks. (AC +1, EV +1)))
((You are camouflaged when in or above water. (Stealth+)))
((You have tentacles for arms and can constrict up to eight enemies at once.))


Message History

The killer bee buzzes angrily. x2
The killer bee misses you.
The killer bee moves out of view.
You bite the killer bee!
The killer bee is poisoned.
The killer bee is heavily wounded.
The killer bee barely misses you. The killer bee stings you.
The killer bee completely misses you.
You barely miss the killer bee.
The killer bee is severely wounded.
The killer bee misses you. The killer bee completely misses you.
The killer bee closely misses you. The killer bee stings you.
The killer bee completely misses you. The killer bee stings you.
You are poisoned.
The killer bee poisons you!
Unknown command.
Unknown command.
Unknown command.
You closely miss the killer bee.
The killer bee is almost dead.
You feel very sick. The killer bee closely misses you.
The killer bee stings you! The killer bee stings you.
You are lethally poisoned!
The killer bee poisons you! The killer bee closely misses you.
The killer bee stings you!
You are more poisoned.
The killer bee poisons you! The killer bee completely misses you.
Blink to where?
Press: ? - help, Dir - move target
Found 16 gold pieces.
As you read the scroll of blinking, it crumbles to dust.
* * * LOW HITPOINT WARNING * * *
You feel extremely sick.
You kill the killer bee!
* * * LOW HITPOINT WARNING * * *
You feel extremely sick. A mysterious force pulls you upwards.
The hatch slams shut behind you.
Level annotation: exclusion: downstairs Your transformation is almost over.
You die...
Your body crumbles into a pile of gold.

...#'###.......#
#.#
......##.####..#
#.# ......##.#
#..# ###
.#....##.####..###
.#....##.........#
......#######..#.#
........# #....#
.#....### #.##.#
.############.##s#
.# #.........####
.####.#######.####
..))[............#
..###.#######.##.#
#..##.#.......##.#
#..##.#.########.#
#..##.#.# #.#
#...#.#.# #.#


There were no monsters in sight!

Vanquished Creatures
  A water moccasin (D:7)
  A sky beast (D:7)
  An ogre (D:4)
  A kobold brigand (D:6)
  2 phantoms
  3 scorpions
  A water moccasin skeleton (D:6)
  A killer bee (D:8)
  A centaur skeleton (D:4)
  2 hounds
  3 jellies
  An orc priest (D:7)
  A bullfrog skeleton (D:7)
  4 iguanas
  A hound skeleton (D:4)
  4 gnolls
  A howler monkey skeleton (D:4)
  4 adders
  A white imp (D:6)
  A worm (D:3)
  A dart slug (D:5)
  10 orcs
  4 bats
  2 endoplasms
  3 giant cockroaches
  4 goblins
  6 hobgoblins
  12 jackals
  2 quokkas (D:3)
  5 ball pythons
  2 frilled lizards
  A jackal skeleton (D:4)
  15 kobolds
  2 rats
104 creatures vanquished.

Notes
Turn   | Place    | Note
-------+----------+-------------------------------------------
     0 | D:1      | shadowrider38 the Octopode Transmuter began the quest for
                  | the Orb.
     0 | D:1      | Reached XP level 1. HP: 13/13 MP: 3/3
   221 | D:1      | Noticed a golden eye
   223 | D:1      | Found a faded altar of an unknown god.
   225 | D:1      | Noticed a great orb of eyes
   225 | D:1      | Noticed a shining eye
   225 | D:1      | Noticed a shining eye
   545 | D:1      | Reached XP level 2. HP: 18/18 MP: 3/5
   552 | D:1      | Learned a level 2 spell: Wereblood
  1509 | D:2      | Found a shimmering altar of Xom.
  1623 | D:2      | Reached skill level 4 in Unarmed Combat
  1623 | D:2      | Reached XP level 3. HP: 23/23 MP: 6/6
  2623 | D:3      | Found a radiant altar of Vehumet.
  2725 | D:3      | Noticed Jessica
  2927 | D:3      | Reached XP level 4. HP: 24/28 MP: 7/7
  3294 | D:3      | Reached skill level 5 in Unarmed Combat
  3885 | D:4      | Found a runed translucent door.
  3917 | D:4      | Noticed an ogre
  3971 | D:3      | Learned a level 3 spell: Spider Form
  4025 | D:3      | Noticed Jessica
  4025 | D:3      | Jessica changed into Jessica the jackal
  4029 | D:3      | Killed Jessica the jackal
  4100 | D:4      | Killed an ogre
  4101 | D:4      | Reached XP level 5. HP: 33/33 MP: 8/8
  4622 | D:4      | Got the Disquisition on Orientation and Summoning
  5008 | D:4      | Reached XP level 6. HP: 21/38 MP: 9/9
  6109 | D:4      | Reached skill level 5 in Transmutations
  6342 | D:4      | Noticed riojii's ghost (amateur DrTm)
  7135 | D:5      | Entered Level 5 of the Dungeon
  7481 | D:5      | Found a staircase to the Ecumenical Temple.
  7922 | D:5      | Found the +3 salamander hide armour {Flames rF++ rC--}
  7939 | D:5      | HP: 1/39 [acid (9)]
  8055 | D:5      | Reached skill level 1 in Evocations
  8504 | D:5      | Reached XP level 7. HP: 42/45 MP: 10/10
  8527 | D:5      | Learned a level 4 spell: Ice Form
  8762 | Temple   | Entered the Ecumenical Temple
  8939 | Temple   | Became a worshipper of Gozag Ym Sagoz the Greedy
  9289 | D:6      | Reached skill level 1 in Ice Magic
  9902 | D:6      | Reached skill level 6 in Unarmed Combat
  9954 | D:6      | Found a hide-covered altar of Uskayaw.
 11272 | D:6      | Reached XP level 8. HP: 45/52 MP: 11/11
 13331 | D:7      | Found a hazy altar of Hepliaklqana.
 13332 | D:7      | Found a glowing golden altar of the Shining One.
 13626 | D:7      | Reached skill level 7 in Unarmed Combat
 13788 | D:7      | Succumbed to a killer bee's poison

Illustrated notes

Levels and vault maps discovered:
D:1:      grunt_arrival_lava_bath, layout_basic,
          hellmonk_ecumenical_altar_watching_god, st_stairs_2,
          minmay_misc_feat_rows, glass_columns_b
D:2:      layout_basic, basic_altar
D:3:      layout_basic, nicolae_vehumet_altar_sigil, minmay_misc_feat_alley,
          minmay_door_square, uniq_jessica
D:4:      layout_loops_ring, ebering_ghost_reflecting_pool
D:5:      layout_loops_cross, minmay_temple_entry_mist
D:6:      layout_basic, nicolae_uskayaw_murder_on_the_dancefloor,
          minmay_unpleasant_kobolds
D:7:      layout_basic, mainiacjoe_overflow_divided_tiny, dk_rats_in_the_wall
D:8:      layout_rooms, serial_shops, nicolae_shop_trees
Temple:   regret_index_temple_sphere_string

Skill      XL: |  1  2  3  4  5  6  7  8 |
---------------+-------------------------+-----
Unarmed Combat | 4 5 6 7 |  7.0
Transmutations | 3 4 5 6 |  6.5
Fighting       | 2 3 4 |  4.0
Evocations     | 1 2 |  2.0
Ice Magic      | 2 |  2.0
Dodging        | |  2.0
Spellcasting   | |  2.0

Action                   |  1- 3 |  4- 6 |  7- 9 || total
-------------------------+-------+-------+-------++-------
Melee: Unarmed           |    80 |    98 |   111 ||   289
       Constrict         |    25 |    18 |    12 ||    55
       Tentacles         |    15 |    14 |    14 ||    43
       Kick              |    19 |    27 |    27 ||    73
       Punch             |     2 |     2 |     2 ||     6
Throw: Stone             |     4 |     1 |     4 ||     9
       Dart              |       |     2 |       ||     2
 Cast: Beastly Appendage |    26 |    25 |    18 ||    69
       Wereblood         |     1 |       |       ||     1
       Spider Form       |       |     5 |     5 ||    10
Evoke: Wand              |       |     1 |       ||     1
  Use: Scroll            |     7 |       |     2 ||     9
       Potion            |     1 |       |       ||     1
 Stab: Sleeping          |     8 |     4 |     2 ||    14
Armor: Skin              |     6 |     6 |     4 ||    16
Dodge: Dodged            |    44 |    62 |    62 ||   168
Block: Buckler           |       |     8 |     7 ||    15

Table legend: (Time is in decaauts)
 A = Elapsed time spent in this place.
 B = Non-inter-level travel time spent in this place.
 C = Inter-level travel time spent in this place.
 D = Time resting spent in this place.
 E = Time spent auto-exploring this place.
 F = Levels seen in this place.
 G = Mean time per level.
                   A        B        C        D        E       F      G
               +--------+--------+--------+--------+--------+-----+--------+
         Total |  13780 |  13049 |    731 |   6186 |   4773 |   9 | 1531.1 |
       Dungeon |  13592 |  12880 |    712 |   6186 |   4621 |   8 | 1699.0 |
        Temple |    187 |    168 |     19 |      0 |    152 |   1 |  187.0 |
               +--------+--------+--------+--------+--------+-----+--------+

Top non-repeatable levels by time:
     D:4: 2709 daAuts
     D:7: 2254 daAuts
     D:6: 2201 daAuts
     D:3: 2001 daAuts
     D:5: 1741 daAuts
     D:1: 1523 daAuts
     D:2: 1131 daAuts
  Temple: 187 daAuts
     D:8: 28 daAuts
